 Dungeon Crawl Stone Soup version 0.30-a0-575-g6f4a10e2d2 (webtiles) character file.

Game seed: 7766859068575387991

1842 Bnni the Cutter (level 9, -1/47 HPs)
             Began as a Vine Stalker Fighter on Dec 30, 2022.
             Succumbed to a killer bee's poison
             ... on level 7 of the Dungeon.
             The game lasted 00:10:33 (4755 turns).

Bnni the Cutter (Vine Stalker Fighter)              Turns: 4755, Time: 00:10:33

Health: -1/47      AC:  9    Str: 21    XL:     9   Next: 12%
Magic:  0/10       EV:  9    Int:  8    God:
Gold:   354        SH:  5    Dex: 16    Spells: 6/8 levels left

rFire   + . .      SeeInvis .    v - +2 dagger (venom)
rCold   + . .      Faith    .    c - +0 buckler
rNeg    . . .      Spirit   +    b - +0 scale mail
rPois   .          Reflect  .    k - +2 helmet
rElec   .          Harm     .    B - scarf {rC+ rF+}
rCorr   .          Rampage  .    (no gloves)
Will    +....                    (no boots)
Stlth   ++                       (no amulet)
HPRegen 1.07/turn                (no ring)
MPRegen 0.12/turn                (no ring)

@: lethally poisoned (-1 -> -10), hasted, very quick
A: fangs 3, regeneration 1, magic shield, antimagic bite, no potion heal 2
a: no special abilities


You were on level 7 of the Dungeon.
You visited 1 branch of the dungeon, and saw 7 of its levels.

You collected 354 gold pieces.

Inventory:

Hand Weapons
 a - a +0 rapier
 v - a +2 dagger of venom (weapon)
Missiles
 h - a throwing net (quivered)
 o - 5 curare-tipped darts
Armour
 b - a +0 scale mail (worn)
 c - a +0 buckler (worn)
 k - a +2 helmet (worn)
 B - a scarf of resistance (worn)
Wands
 s - a wand of mindburst (10)
 A - a wand of roots (13)
Scrolls
 e - a scroll of fog
 f - a scroll of acquirement
 g - 3 scrolls of teleportation
 i - a scroll of enchant weapon
 m - a scroll of noise {unknown}
 n - 2 scrolls of poison
 p - a scroll of immolation {unknown}
 u - 4 scrolls of magic mapping {unknown}
 w - a scroll of blinking
 x - a scroll of torment {unknown}
 y - a scroll of fear {unknown}
Potions
 d - 2 potions of might
 j - a potion of haste
 l - 3 potions of attraction
 q - 2 potions of curing {unknown}
 r - a potion of flight {unknown}
 t - a potion of ambrosia {unknown}
 z - a potion of mutation {unknown}
 C - a potion of invisibility {unknown}


   Skills:
 + Level 5.5 Fighting
 * Level 7.2 Short Blades
 - Level 2.4 Armour
 + Level 6.3 Stealth
 - Level 5.0 Shields


You had 6 spell levels left.
You knew the following spells:

 Your Spells              Type           Power      Damage    Failure   Level
a - Wereblood             Tmut           0%         N/A       93%         2

Your spell library contained the following spells:

 Spells                   Type           Power      Damage    Failure   Level
 Apportation              Tloc           0%         N/A       83%         1
 Necrotise                Necr           0%         1d4       83%         1
 Summon Small Mammal      Summ           0%         N/A       83%         1
 Blink                    Tloc           0%         N/A       93%         2
 Momentum Strike          Conj/Tloc      0%         3d8       93%         2
 Sublimation of Blood     Necr           0%         N/A       93%         2
 Dazzling Flash           Conj/Hex       0%         N/A       99%         3
 Lesser Beckoning         Tloc           0%         N/A       99%         3
 Agony                    Necr           0%         N/A       100%        5
 Silence                  Hex/Air        0%         N/A       100%        5
 Summon Hydra             Summ           0%         N/A       100%        7


Dungeon Overview and Level Annotations

Branches:
Dungeon (7/15)
 Temple: D:4-7

Altars:
Gozag
Okawaru
Trog
Wu Jian
Xom


Innate Abilities, Weirdness & Mutations

You have razor-sharp teeth.
Your natural rate of healing is unusually fast.
When hurt, damage is shared between your health and your magic reserves.
Your bite disrupts and absorbs the magic of your enemies.
Potions cannot restore your health.


Message History

You feel very sick. You block the gnoll's attack. The gnoll barely misses you.
You block the killer bee's attack.
You closely miss the gnoll. You bite the gnoll.
You kill the gnoll!
You feel sick. The killer bee barely misses you. x2
The gnoll sergeant barely misses you.
The gnoll hits you from afar with a +0 spear.
* * * LOW HITPOINT WARNING * * *
The killer bee stings you but does no damage.
The killer bee stings you.
* * * LOW HITPOINT WARNING * * *
You are lethally poisoned!
The killer bee poisons you!
The killer bee attacks as you move away!
The killer bee barely misses you.
* * * LOW HITPOINT WARNING * * *
You feel very sick.
There is a stone staircase leading up here.
It was a potion of haste.
You feel yourself speed up.
* * * LOW HITPOINT WARNING * * *
You feel very sick. The killer bee stings you.
You are more poisoned.
The killer bee poisons you!
The gnoll sergeant hits you from afar with a +0 spear.
* * * LOW HITPOINT WARNING * * *
The gnoll hits you from afar with a +0 spear.
* * * LOW HITPOINT WARNING * * *
The killer bee stings you but does no damage.
The killer bee closely misses you.
Okay, then.
Okay, then.
Blink to where?
Press: ? - help, Dir - move target An orc wizard and 2 orcs come into view.
The orc wizard is wielding a +0 dagger and wearing a +2 robe of willpower.
Found 19 gold pieces.
As you read the scroll of blinking, it crumbles to dust.
You die...

#######..### #
#......#....
#.#.#..#.#...#
#.#.#....#...#
#######....y§..#...#
#.o.oo##...#y#g#...#
#.....##.#..$g)#...###
+.....................
#....@.#.....###.#####
#......#...##.g)..#
#......#...#..##..#
#......#...#...)..#
#.$....#...# .#.y..
..#####.#.. ......#
##. .# .#...$# # .#
......+ . .#...#


You could see 2 killer bees, an orc wizard (asleep) and 2 orcs.

Vanquished Creatures
  Eustachio (D:4)
  A steam dragon (D:6)
  An orc warrior (D:6)
  2 ice beasts (D:6)
  3 black bears
  2 centaurs
  Blork the orc (D:4)
  3 necrophages
  A scorpion (D:6)
  A killer bee (D:7)
  A howler monkey (D:5)
  4 hounds
  An orc priest (D:5)
  2 iguanas
  3 orc wizards
  Robin (D:3)
  6 gnolls
  3 adders
  2 worms
  2 dart slugs (D:1)
  16 orcs
  3 bats
  6 endoplasms
  2 giant cockroaches
  15 goblins
  11 hobgoblins
  3 jackals (D:4)
  A quokka (D:5)
  8 ball pythons
  A frilled lizard (D:2)
  7 kobolds
  3 rats
117 creatures vanquished.

Vanquished Creatures (others)
  A plant (D:2)
1 creature vanquished.

Grand Total: 118 creatures vanquished

Notes
Turn   | Place    | Note
-------+----------+-------------------------------------------
     0 | D:1      | Bnni the Vine Stalker Fighter began the quest for the Orb.
     0 | D:1      | Reached XP level 1. HP: 11/11 MP: 2/2
    92 | D:1      | Reached skill level 2 in Short Blades
   168 | D:1      | Reached XP level 2. HP: 16/16 MP: 1/3
  1055 | D:2      | Reached XP level 3. HP: 16/20 MP: 4/4
  1100 | D:2      | Found a faded altar of an unknown god.
  1827 | D:2      | Reached skill level 3 in Short Blades
  1827 | D:2      | Gained mutation: Your natural rate of healing is unusually
                  | fast. [Vine Stalker growth]
  1827 | D:2      | Reached XP level 4. HP: 9/24 MP: 5/5
  1986 | D:3      | Noticed Robin
  1992 | D:3      | You fall into a shaft and drop 1 floor!
  2004 | D:4      | Reached skill level 1 in Stealth
  2061 | D:4      | Found an opulent altar of Gozag.
  2088 | D:4      | Noticed Eustachio
  2113 | D:4      | Killed Eustachio
  2114 | D:4      | Reached XP level 5. HP: 27/28 MP: 3/6
  2114 | D:4      | Reached XP level 6. HP: 30/32 MP: 3/7
  2174 | D:4      | Reached skill level 4 in Short Blades
  2353 | D:3      | Killed Robin
  2663 | D:3      | Learned a level 2 spell: Wereblood
  2777 | D:4      | Noticed Blork the orc
  2790 | D:4      | Killed Blork the orc
  2791 | D:4      | Reached XP level 7. HP: 37/37 MP: 8/8
  2963 | D:4      | Found a shimmering altar of Xom.
  3075 | D:4      | Identified a scroll of acquirement
  3133 | D:5      | Entered Level 5 of the Dungeon
  3208 | D:5      | Reached skill level 5 in Short Blades
  3287 | D:5      | Found a bloodstained altar of Trog.
  3324 | D:5      | Gained mutation: You have razor-sharp teeth. [Vine Stalker
                  | growth]
  3324 | D:5      | Reached XP level 8. HP: 34/42 MP: 6/9
  3647 | D:6      | Identified the +10 mace of Zinex {heavy, rF++ Stlth+}
  3892 | D:6      | Reached skill level 6 in Short Blades
  3892 | D:6      | Reached skill level 5 in Stealth
  4037 | D:6      | Reached skill level 5 in Fighting
  4052 | D:6      | Reached skill level 5 in Shields
  4395 | D:6      | Reached XP level 9. HP: 47/47 MP: 10/10
  4413 | D:6      | Found an ornate altar of the Wu Jian Council.
  4413 | D:6      | Found an iron altar of Okawaru.
  4524 | D:6      | Reached skill level 7 in Short Blades
  4754 | D:7      | HP: 2/47 [gnoll sergeant/+0 spear (2)]
  4755 | D:7      | Succumbed to a killer bee's poison

Illustrated notes

Levels and vault maps discovered:
D:1:      saegor_arrival_simple_e, layout_basic
D:2:      layout_basic, shapermc_ecumenical_altar_ellora
D:3:      layout_rooms, st_stairs_3, uniq_robin
D:4:      layout_rooms, mainiacjoe_overflow_concentric_impassable,
          mainiacjoe_overflow_paths, hangedman_glass_teeth, kennysheep_dice,
          uniq_blork_the_orc, uniq_eustachio
D:5:      layout_cave_pools, trog_ov_bears_minmay, chequers_decorated_corner
D:6:      layout_basic, mainiacjoe_overflow_divided_tiny, minivault_5,
          kennysheep_decorative_pillar
D:7:      layout_basic, minmay_temple_entry_sparse_star, serial_shops,
          nicolae_shop_crystal, chequers_jeans

Skill      XL: |  1  2  3  4  5  6  7  8  9 |
---------------+----------------------------+-----
Short Blades   | 2 3 4 5 6 7 |  7.2
Fighting       | 3 4 5 |  5.5
Shields        | 3 4 5 |  5.0
Stealth        | 2 3 4 6 |  6.3
Armour         | |  2.4

Action                   |  1- 3 |  4- 6 |  7- 9 || total
-------------------------+-------+-------+-------++-------
Melee: Rapier            |   104 |   158 |    12 ||   274
       Bite              |    30 |    52 |    63 ||   145
       Dagger            |       |    39 |   180 ||   219
Throw: Dart              |       |     1 |       ||     1
  Use: Scroll            |     3 |     1 |     5 ||     9
       Potion            |       |       |     1 ||     1
 Stab: Sleeping          |       |       |     2 ||     2
Armor: Scale mail        |    36 |    96 |    83 ||   215
Dodge: Dodged            |    34 |    95 |    71 ||   200
Block: Buckler           |    22 |    52 |    44 ||   118

Table legend: (Time is in decaauts)
 A = Elapsed time spent in this place.
 B = Non-inter-level travel time spent in this place.
 C = Inter-level travel time spent in this place.
 D = Time resting spent in this place.
 E = Time spent auto-exploring this place.
 F = Levels seen in this place.
 G = Mean time per level.
                   A        B        C        D        E       F      G
               +--------+--------+--------+--------+--------+-----+--------+
         Total |   4721 |   4334 |    387 |    181 |   3169 |   7 |  674.4 |
       Dungeon |   4721 |   4334 |    387 |    181 |   3169 |   7 |  674.4 |
               +--------+--------+--------+--------+--------+-----+--------+

Top non-repeatable levels by time:
     D:6: 1073 daAuts
     D:1: 975 daAuts
     D:2: 888 daAuts
     D:4: 671 daAuts
     D:3: 612 daAuts
     D:5: 475 daAuts
     D:7: 26 daAuts
